 Dungeon Crawl Stone Soup version 0.29-a0-542-g075992c915 (webtiles) character file.

Game seed: 8961758560208008068

2993 MechDurjaeses the Blocker (level 9, 74/74 HPs)
             Began as a Gnoll Fighter on June 3, 2022.
             Was a Believer of Okawaru.
             Quit the game on level 7 of the Dungeon.
             The game lasted 00:19:53 (7687 turns).

MechDurjaeses the Blocker (Gnoll Fighter)           Turns: 7687, Time: 00:19:53

Health: 74/74      AC: 14    Str: 20    XL:     9   Next: 83%
Magic:  15/15      EV: 12    Int:  7    God:    Okawaru [**....]
Gold:   510        SH:  6    Dex: 12    Spells: 14/17 levels left

rFire   . . .      SeeInvis +   a - +0 trident
rCold   . . .      Faith    .   c - +0 buckler
rNeg    . . .      Spirit   .   p - +3 ring mail
rPois   +          Reflect  .   i - +0 helmet
rElec   .          Harm     .   w - +0 cloak
rCorr   .          Rampage  +   (no gloves)
Will    .....                   d - +1 pair of boots {rampage}
Stlth   ++........              (no amulet)
HPRegen 0.22/turn               n - ring of poison resistance
MPRegen 0.14/turn               z - ring of see invisible

@: no status effects
A: fangs 1, strong nose, distributed training
a: Renounce Religion, Heroism


You were on level 7 of the Dungeon.
You worshipped Okawaru.
Okawaru was pleased with you.
You visited 2 branches of the dungeon, and saw 8 of its levels.

You collected 510 gold pieces.

Inventory:

Hand Weapons
 a - a +0 trident (weapon)
 x - a +2 flail of protection
Missiles
 o - 5 atropa-tipped darts
 q - 9 poisoned darts
Armour
 c - a +0 buckler (worn)
 d - a +1 pair of boots of rampaging (worn)
 i - a +0 helmet (worn)
 l - a +0 plate armour
 p - a +3 ring mail (worn)
 w - a +0 cloak (worn)
Magical Staves
 j - a staff of air
Jewellery
 n - a ring of poison resistance (left hand)
 z - a ring of see invisible (right hand)
Wands
 u - a wand of iceblast (10)
Scrolls
 g - a scroll of poison
 h - 2 scrolls of torment
 k - a scroll of vulnerability
 v - a scroll of identify
 y - a scroll of enchant armour
Potions
 b - 3 potions of curing
 e - 2 potions of flight
 f - 2 potions of magic
 m - a potion of mutation
 r - 3 potions of cancellation
 t - a potion of heal wounds


   Skills:
 + Level 8.1 Fighting
 + Level 4.6 Short Blades
 + Level 4.6 Long Blades
 + Level 4.6 Axes
 + Level 4.6 Maces & Flails
 + Level 6.6 Polearms
 + Level 4.6 Staves
 + Level 4.6 Slings
 + Level 4.6 Bows
 + Level 4.6 Crossbows
 + Level 4.6 Throwing
 + Level 8.1 Armour
 + Level 4.6 Dodging
 + Level 4.6 Stealth
 + Level 8.1 Shields
 + Level 4.6 Unarmed Combat
 + Level 4.6 Spellcasting
 + Level 3.8 Conjurations
 + Level 3.8 Hexes
 + Level 3.8 Summonings
 + Level 3.8 Necromancy
 + Level 3.8 Translocations
 + Level 3.8 Transmutations
 + Level 3.8 Fire Magic
 + Level 3.8 Ice Magic
 + Level 3.8 Air Magic
 + Level 3.8 Earth Magic
 + Level 3.8 Poison Magic
 + Level 5.1 Invocations
 + Level 4.6 Evocations


You had 14 spell levels left.
You knew the following spells:

 Your Spells              Type           Power      Damage    Failure   Level
a - Foxfire               Conj/Fire      28%        2x1d5     12%         1
b - Blink                 Tloc           14%        N/A       17%         2

Your spell library contained the following spells:

 Spells                   Type           Power      Damage    Failure   Level
 Sandblast                Erth           14%        2d6       12%         1
 Passwall                 Tmut/Erth      5%         N/A       17%         2
 Conjure Flame            Conj/Fire      7%         6-21      34%         3
 Dazzling Flash           Conj/Hex       14%        N/A       34%         3
 Inner Flame              Hex/Fire       7%         N/A       34%         3
 Stone Arrow              Conj/Erth      14%        3d7       34%         3
 Flame Wave               Conj/Fire      7%         2d5       75%         4
 Agony                    Necr           7%         N/A       97%         5
 Manifold Assault         Tloc           7%         N/A       97%         5
 Silence                  Hex/Air        3%         N/A       97%         5
 Storm Form               Tmut/Air       3%         N/A       100%        7


Dungeon Overview and Level Annotations

Branches:
Dungeon (7/15)             Temple (1/1) D:4

Altars:
Ashenzari
Dithmenos
Elyvilon
Fedhas
Gozag
Kikubaaqudgha
Makhleb
Okawaru
Qazlal
Ru
Sif Muna
Uskayaw
Vehumet
Wu Jian
Xom
Zin
The Shining One

Shops:
D:3 :


Innate Abilities, Weirdness & Mutations

You have very sharp teeth.
Your uncanny sense of smell can sniff out nearby items.
Your experience applies equally to all skills.


Message History

You pick up a book of Geomancy and begin reading...
You add the spells Sandblast, Passwall and Stone Arrow to your library.
You now have 477 gold pieces (gained 7).
Things that are here:
a +0 hand axe; 22 stones; a gnoll skeleton You hear the loud creaking of a very distant portcullis.
You see here 18 stones.
You open the door.
There is an open door here.
You hear the loud creaking of a very distant portcullis.
The portcullis has been lowered almost to the ground.
There is a stone staircase leading up here.
Found an escape hatch in the ceiling.
You now have 490 gold pieces (gained 13).
The walls and floor vibrate strangely for a moment.
There is an escape hatch in the ceiling here.
Okawaru will no longer gift you ammunition.
There is a stone staircase leading down here.
There is an open door here.
Things that are here:
a +0 mace; a +0 leather armour
There is an escape hatch in the floor here.
You now have 505 gold pieces (gained 15).
You now have 510 gold pieces (gained 5).
There is an open door here.
Things that are here:
a +0 hand axe; a +0 hand axe; a +0 hand axe
There is an open door here.
You see here 2 potions of degeneration.
There is an open door here.
You see here 2 potions of degeneration.
Things that are here:
a +0 dagger; a +0 robe
Things that are here:
a +0 hand axe; a +0 chain mail An orc wizard is nearby!
An orc wizard is nearby!
An orc wizard is nearby!
An orc wizard is nearby!
Are you sure you want to abandon this character and quit the game? (Confirm with "yes".)

#..............≈.#.≈.#...≈.#
#....#.........≈.#.≈.##._≈.#
##...#.....####≈.#.≈...≈≈≈.#
#.........###.≈.#.≈≈≈≈....#
#.....#...##..≈.#.....#####
##.....+.......≈.######.....
#......####....≈.......≈≈≈≈≈
#.....#........≈≈≈≈≈≈≈≈.....
#.....#....@......o.........
#.......#######..#.#.......#
###.....#..!..#..#.#.....#.#
##..)..#.....####.#.......#
#...)).#..∩..'..!.#...##..#
#......#.....####.#..###...
#......#!....#..#.#.## #...
#......#######..#.#######..
#......###............###..


You could see an orc wizard (wandering).

Vanquished Creatures
  Pikel (D:4)
  Menkaure (D:4)
  2 orc warriors
  2 black bears
  An ogre (D:6)
  3 centaurs
  3 phantoms (D:4)
  A bullfrog (D:6)
  A necrophage (D:7)
  3 scorpions
  5 killer bees (D:7)
  A howler monkey (D:4)
  3 jellies
  A gnoll shaman (D:4)
  5 orc priests
  6 hounds
  2 iguanas
  7 orc wizards
  5 adders
  12 gnolls
  A white imp (D:6)
  An ufetubus (D:4)
  A worm (D:4)
  25 orcs
  4 bats
  5 endoplasms
  2 giant cockroaches
  9 goblins
  7 hobgoblins
  3 jackals (D:4)
  3 kobolds
  2 quokkas
  5 ball pythons
  5 rats
138 creatures vanquished.

Vanquished Creatures (others)
  6 foxfires (D:4)
6 creatures vanquished.

Grand Total: 144 creatures vanquished

Notes
Turn   | Place    | Note
-------+----------+-------------------------------------------
     0 | D:1      | MechDurjaeses the Gnoll Fighter began the quest for the
                  | Orb.
     0 | D:1      | Reached XP level 1. HP: 23/23 MP: 1/1
   310 | D:1      | Found a faded altar of an unknown god.
   373 | D:1      | Reached XP level 2. HP: 29/29 MP: 2/2
  1405 | D:2      | Reached XP level 3. HP: 35/35 MP: 3/3
  1665 | D:3      | Reached skill level 1 in Invocations
  1705 | D:3      | Found Jaagycif's Book Shoppe.
  2224 | D:4      | You fall into a shaft and drop 2 floors!
  2245 | D:6      | Reached skill level 1 in Short Blades
  2245 | D:6      | Reached skill level 1 in Long Blades
  2245 | D:6      | Reached skill level 1 in Axes
  2245 | D:6      | Reached skill level 1 in Maces & Flails
  2245 | D:6      | Reached skill level 1 in Staves
  2245 | D:6      | Reached skill level 1 in Slings
  2245 | D:6      | Reached skill level 1 in Bows
  2245 | D:6      | Reached skill level 1 in Crossbows
  2245 | D:6      | Reached skill level 1 in Throwing
  2245 | D:6      | Reached skill level 1 in Dodging
  2245 | D:6      | Reached skill level 1 in Stealth
  2245 | D:6      | Reached skill level 1 in Unarmed Combat
  2245 | D:6      | Reached skill level 1 in Spellcasting
  2245 | D:6      | Reached skill level 1 in Evocations
  2349 | D:6      | Reached XP level 4. HP: 30/41 MP: 5/5
  2430 | D:6      | Noticed an ogre
  2435 | D:6      | Killed an ogre
  2436 | D:6      | Reached skill level 1 in Conjurations
  2436 | D:6      | Reached skill level 1 in Hexes
  2436 | D:6      | Reached skill level 1 in Summonings
  2436 | D:6      | Reached skill level 1 in Necromancy
  2436 | D:6      | Reached skill level 1 in Translocations
  2436 | D:6      | Reached skill level 1 in Transmutations
  2436 | D:6      | Reached skill level 1 in Fire Magic
  2436 | D:6      | Reached skill level 1 in Ice Magic
  2436 | D:6      | Reached skill level 1 in Air Magic
  2436 | D:6      | Reached skill level 1 in Earth Magic
  2436 | D:6      | Reached skill level 1 in Poison Magic
  2436 | D:6      | Reached XP level 5. HP: 47/47 MP: 5/7
  2487 | D:6      | Noticed a centaur
  2498 | D:6      | Killed a centaur
  2499 | D:6      | Reached XP level 6. HP: 25/53 MP: 8/8
  2503 | D:6      | Reached skill level 5 in Polearms
  2722 | D:5      | Entered Level 5 of the Dungeon
  2798 | D:4      | Reached XP level 7. HP: 59/59 MP: 10/10
  3433 | D:4      | Found a glowing golden altar of the Shining One.
  3645 | D:4      | Reached XP level 8. HP: 51/67 MP: 12/12
  3752 | D:4      | Learned a level 1 spell: Foxfire
  3955 | D:4      | Found a staircase to the Ecumenical Temple.
  3970 | Temple   | Entered the Ecumenical Temple
  3989 | Temple   | Became a worshipper of Warmaster Okawaru
  4144 | D:5      | Noticed Menkaure
  4383 | D:5      | Noticed Pikel
  4640 | D:4      | Killed Pikel
  4640 | D:4      | Reached * piety under Okawaru
  4641 | D:4      | Reached XP level 9. HP: 25/72 MP: 12/14
  4646 | D:4      | Learned a level 2 spell: Blink
  5197 | D:4      | Killed Menkaure
  5774 | D:5      | Found an ancient bone altar of Kikubaaqudgha.
  6104 | D:5      | Reached ** piety under Okawaru
  6398 | D:5      | Identified a scroll of acquirement
  6399 | D:5      | Acquired a +1 pair of boots of rampaging
  6863 | D:7      | Found a broken altar of Ashenzari.
  6866 | D:7      | Found an ornate altar of the Wu Jian Council.
  6999 | D:7      | Found a flagged portal.
  7146 | D:7      | Reached skill level 5 in Invocations
  7200 | D:7      | Reached *** piety under Okawaru
  7687 | D:7      | Quit the game

Illustrated notes

Levels and vault maps discovered:
D:1:      psy_arrival_radial01, layout_basic, chequers_ecumenical_altar_island
D:2:      layout_basic, minivault_26, hangedman_decor_growths
D:3:      layout_loops_cross, serial_shops, shop, feat_on_display
D:4:      cheibrodos_pilgrimage, layout_rooms,
          mainiacjoe_overflow_cross_hatched, minmay_temple_entry_purple_smoke,
          serial_glass, glass_columns_a, glass_columns_b, grunt_ministairs_14
D:5:      layout_rooms, kiku_gazebo_garden_becter, uniq_menkaure, uniq_pikel
D:6:      layout_gridville
D:7:      kennysheep_steamy, layout_basic, nicolae_overflow_squiral,
          enter_bailey_7
Temple:   nicolae_temple_god_jail

Skill      XL: |  1  2  3  4  5  6  7  8  9 |
---------------+----------------------------+-----
Invocations    | 1 2 3 4 5 |  5.1
Short Blades   | 1 2 3 4 |  4.6
Long Blades    | 1 2 3 4 |  4.6
Axes           | 1 2 3 4 |  4.6
Maces & Flails | 1 2 3 4 |  4.6
Staves         | 1 2 3 4 |  4.6
Slings         | 1 2 3 4 |  4.6
Bows           | 1 2 3 4 |  4.6
Crossbows      | 1 2 3 4 |  4.6
Throwing       | 1 2 3 4 |  4.6
Dodging        | 1 2 3 4 |  4.6
Stealth        | 1 2 3 4 |  4.6
Unarmed Combat | 1 2 3 4 |  4.6
Spellcasting   | 1 2 3 4 |  4.6
Evocations     | 1 2 3 4 |  4.6
Conjurations   | 1 2 3 |  3.8
Hexes          | 1 2 3 |  3.8
Summonings     | 1 2 3 |  3.8
Necromancy     | 1 2 3 |  3.8
Translocations | 1 2 3 |  3.8
Transmutations | 1 2 3 |  3.8
Fire Magic     | 1 2 3 |  3.8
Ice Magic      | 1 2 3 |  3.8
Air Magic      | 1 2 3 |  3.8
Earth Magic    | 1 2 3 |  3.8
Poison Magic   | 1 2 3 |  3.8
Polearms       | 5 6 |  6.6
Fighting       | 7 8 |  8.1
Armour         | 7 8 |  8.1
Shields        | 7 8 |  8.1

Action                   |  1- 3 |  4- 6 |  7- 9 || total
-------------------------+-------+-------+-------++-------
Melee: Trident           |   100 |    62 |   443 ||   605
       Bite              |     7 |     4 |    44 ||    55
Throw: Throwing net      |       |       |     1 ||     1
 Cast: Foxfire           |       |       |     3 ||     3
  Use: Scroll            |     7 |       |    16 ||    23
       Potion            |       |     1 |     5 ||     6
 Stab: Held in net/web   |       |       |     1 ||     1
       Sleeping          |       |       |     2 ||     2
Armor: Scale mail        |    22 |       |       ||    22
       Ring mail         |     3 |    32 |   217 ||   252
Dodge: Dodged            |    19 |    40 |   222 ||   281
Block: Buckler           |    12 |    18 |   142 ||   172

Table legend: (Time is in decaauts)
 A = Elapsed time spent in this place.
 B = Non-inter-level travel time spent in this place.
 C = Inter-level travel time spent in this place.
 D = Time resting spent in this place.
 E = Time spent auto-exploring this place.
 F = Levels seen in this place.
 G = Mean time per level.
                   A        B        C        D        E       F      G
               +--------+--------+--------+--------+--------+-----+--------+
         Total |   7737 |   7042 |    695 |   2418 |   3264 |   8 |  967.1 |
       Dungeon |   7655 |   6978 |    677 |   2418 |   3211 |   7 | 1093.6 |
        Temple |     82 |     64 |     18 |      0 |     53 |   1 |   82.0 |
               +--------+--------+--------+--------+--------+-----+--------+

Top non-repeatable levels by time:
     D:4: 2791 daAuts
     D:1: 1006 daAuts
     D:5: 880 daAuts
     D:6: 878 daAuts
     D:7: 866 daAuts
     D:2: 618 daAuts
     D:3: 613 daAuts
  Temple: 82 daAuts
